 Dungeon Crawl Stone Soup version 0.31.0-32-g396128a36d (webtiles) character file.

Game seed: 14505275906183528481

9153 spaghetti the Summoner (level 11, -6/88 HPs)
             Began as an Oni Summoner on Mar 10, 2024.
             Was an Initiate of Gozag.
             Mangled by an orc warrior
             ... wielding a +0 halberd
              (8 damage)
             ... on level 2 of the Orcish Mines.
             The game lasted 00:20:47 (13536 turns).

spaghetti the Summoner (Oni Summoner)              Turns: 13536, Time: 00:20:47

Health: -6/88      AC:  9    Str: 14    XL:     11   Next: 42%
Magic:  0/21       EV:  9    Int: 27    God:    Gozag
Gold:   1388       SH:  0    Dex:  9    Spells: 4/24 levels left

rFire   . . .        p - +3 whip (elec)
rCold   . . .        (no shield)
rNeg    . . .        x - +1 robe "Momesm" {Will+ Int+5 Slay+3}
rPois   +            y - +3 crown of Dyrovepreva {rElec Int+2 SInv}
rElec   +            (no cloak)
rCorr   .            (gloves unavailable)
SInv    +            (boots unavailable)
Will    +++..        i - amulet of faith
Stlth   +            o - ring of poison resistance
HPRegen 0.34/turn    (no ring)
MPRegen 0.17/turn

%: faith
@: enlightened, flying, very slightly contaminated, hasted, very quick
A: large, unfitting armour, horns 1, tough skin 1, double potion healing,
drunken brawling, iridescent scales 1, no potion heal 1
a: Renounce Religion, Potion Petition, Call Merchant, Bribe Branch


You were on level 2 of the Orcish Mines.
You worshipped Gozag.
Gozag was most pleased with you.
You visited 3 branches of the dungeon, and saw 13 of its levels.
You also visited: Bailey.

You collected 1923 gold pieces.
You paid 535 gold pieces to Gozag.

Inventory:

Hand Weapons
 e - a +2 short sword of speed
 n - a +1 flail of protection
 p - a +3 whip of electrocution (weapon)
 u - a +0 giant club
Missiles
 w - a throwing net (quivered)
 A - 38 poisoned darts
 B - 3 curare-tipped darts
 C - 9 large rocks
 D - 4 atropa-tipped darts
 E - 4 datura-tipped darts
Armour
 a - a +1 robe
 x - the +1 robe "Momesm" (worn) {Will+ Int+5 Slay+3}
   (You found it on level 9 of the Dungeon)

   Int+5:     It affects your intelligence (+5).
   Slay+3:    It affects your accuracy & damage with ranged weapons and melee
   (+3).
   Will+:     It increases your willpower.
 y - the +3 crown of Dyrovepreva (worn) {rElec Int+2 SInv}
   (You found it in a bailey)

   Int+2:     It affects your intelligence (+2).
   rElec:     It insulates you from electricity.
   SInv:      It lets you see invisible.
Jewellery
 d - a ring of ice
 i - an amulet of faith (around neck)
 o - a ring of poison resistance (left hand)
 K - a ring of protection from fire
Wands
 h - a wand of flame (51)
 l - a wand of roots (13)
 q - a wand of digging (9)
 r - a wand of quicksilver (10)
 F - a wand of mindburst (6)
Scrolls
 c - 3 scrolls of revelation
 g - a scroll of enchant armour
 k - a scroll of teleportation
 m - a scroll of immolation
 s - 2 scrolls of identify
 G - a scroll of poison
 H - 2 scrolls of summoning
 I - a scroll of noise {unknown}
 J - a scroll of amnesia
Potions
 b - a potion of magic
 f - a potion of attraction
 t - a potion of degeneration
 v - 3 potions of curing
Miscellaneous
 z - a phantom mirror


   Skills:
 - Level 1.7 Dodging
 - Level 1.4 Stealth
 - Level 7.0 Spellcasting
 + Level 13.6 Summonings
 - Level 5.0 Fire Magic
 - Level 5.0 Air Magic


You had 4 spell levels left.
You knew the following spells:

 Your Spells              Type           Power      Damage    Failure   Level
a - Summon Lightning Spi  Summ/Air       56%        N/A       1%          4
b - Call Imp              Summ           100%       N/A       1%          2
c - Call Canine Familiar  Summ           70%        N/A       1%          3
d - Summon Blazeheart Go  Fire/Summ      56%        N/A       1%          4
e - Monstrous Menagerie   Summ           35%        N/A       19%         7

Your spell library contained the following spells:

 Spells                   Type           Power      Damage    Failure   Level
 Summon Small Mammal      Summ           100%       N/A       1%          1
 Scorch                   Fire           72%        2d8       1%          2
 Summon Ice Beast         Ice/Summ       46%        N/A       1%          3
 Mercury Vapours          Alch/Air       44%        N/A       3%          2
 Apportation              Tloc           18%        N/A       6%          1
 Necrotise                Necr           36%        1d5       6%          1
 Sandblast                Erth           18%        2d7       6%          1
 Sting                    Conj/Alch      36%        1d5       6%          1
 Inner Flame              Hex/Fire       22%        N/A       6%          3
 Volatile Blastmotes      Fire/Tloc      44%        2d13      6%          3
 Jinxbite                 Hex            18%        N/A       9%          2
 Passwall                 Erth           9%         N/A       17%         3
 Stone Arrow              Conj/Erth      18%        3d8       17%         3
 Flame Wave               Conj/Fire      22%        2d8       21%         4
 Sticky Flame             Fire/Alch      22%        2d6       21%         4
 Brom's Barrelling Bould  Conj/Erth      9%         2d3       50%         4
 Fulminant Prism          Conj/Alch      4%         3d5       50%         4
 Iskenderun's Mystic Bla  Conj/Tloc      9%         2d4       50%         4
 Olgreb's Toxic Radiance  Alch           9%         N/A       50%         4
 Summon Cactus Giant      Summ           35%        N/A       3%          6
 Metabolic Englaciation   Hex/Ice        4%         N/A       85%         5


Dungeon Overview and Level Annotations

Branches:
Dungeon (10/15)            Temple (1/1) D:4            Lair (0/5) D:10
    Orc (2/2) D:9             Elf (0/3) Orc:2        Bailey (visited)

Altars:
Ashenzari
Cheibriados
Dithmenos
Elyvilon
Fedhas
Gozag
Hepliaklqana
Kikubaaqudgha
Makhleb
Nemelex Xobeh
Okawaru
Qazlal
Ru
Sif Muna
Trog
Uskayaw
Vehumet
Wu Jian
Xom
Yredelemnul
Zin
The Shining One

Shops:
D:7 (   D:8 [

Annotations:
D:4 3 runed translucent doors, seawaffle's ghost, amateur DgSh
D:7 exclusion: 3 electric eels


Innate Abilities, Weirdness & Mutations

You are too large for most types of armour.
You have a pair of small horns on your head.
You have tough skin. (AC +1)
You gain doubled healing and magic from potions.
Whenever you drink a healing potion, you attack all around you.
You are partially covered in iridescent scales. (AC +2)
Potions are less effective at restoring your health.


Message History

The nameless horror hits you!!
You feel your power leaking away.
An ogre comes into view. It is wielding a +0 giant club.
The nameless horror attacks as it pursues you!
The nameless horror hits you.
The orc warrior attacks as it pursues you!
The orc warrior hits you from afar with a +0 halberd!
The orc warrior attacks as it pursues you!
The orc warrior hits you from afar with a +0 halberd.
The nameless horror attacks as it pursues you!
The nameless horror hits you!!
* * * LOW HITPOINT WARNING * * *
You feel your power leaking away.
Aiming: Mindburst
Press: ? - help, Shift-Dir - straight line, f - you
Okay, then.
Aiming: Fastroot
Press: ? - help, Shift-Dir - straight line The roots erupt in riotous growth!
Roots grab the nameless horror.
The grasping roots constrict the nameless horror.
You hear a shout!
The nameless horror hits you!!
* * * LOW HITPOINT WARNING * * *
Okay, then.
Okay, then. [a] - 450 gold - haste and enlightenment [b] - 232 gold - might and brilliance [c] - 513 gold - resistance, might and enlightenment Purchase which effect?
You feel yourself speed up.
You feel very buoyant.
You fly up into the air.
The grasping roots constrict the nameless horror.
You destroy the nameless horror!
That felt strangely unrewarding.
The orc warrior misses you.
The orc warrior attacks as it pursues you!
The orc warrior hits you from afar with a +0 halberd!
You die...
Your body crumbles into a pile of gold.

#.......#............. ###
##..........O......... #.##
#.....................
...#####.#..................
....##.#.#..................
...##...........o..#........
.........#....o##.###..#....
.......###......#..#.......
......## ##.....@........
......## #..............
.......# ##....##......
.#........#.#.### ..#...
.###.........## ## ..
######....... .
##.#......### .........##
........##


You could see an orc warrior and an ogre.

Vanquished Creatures
  An orc sorcerer (Orc:2)
  A manticore (D:6)
  A cyclops (D:6)
  3 nameless horrors
  A wyvern (D:9)
  3 yaks
  2 water moccasins
  A sky beast (D:3)
  3 orc warriors
  A wolf (D:9)
  A kobold brigand (D:7)
  2 scorpions (D:6)
  An orc priest (Orc:1)
  A sleepcap (D:8)
  A white imp (D:5)
  2 ribbon worms (D:2)
  4 orcs
  5 endoplasms
  2 giant cockroaches
  5 goblins
  2 hobgoblins (D:2)
  6 kobolds
  A quokka (D:1)
  4 ball pythons
  7 bats
  4 frilled lizards
  5 rats (D:1)
70 creatures vanquished.

Vanquished Creatures (collateral kills)
  A cyclops (Orc:1)
  Maurice (D:8)
  An orc sorcerer (Orc:1)
  2 trolls (Orc:2)
  A polar bear (D:9)
  3 yaks (D:9)
  A warg (Orc:1)
  9 orc warriors
  2 ice beasts
  3 ogres
  3 wolves
  10 kobold brigands
  A gnoll sergeant (D:8)
  2 bullfrogs
  2 scorpions
  4 wights (D:9)
  8 killer bees
  A howler monkey (D:6)
  2 electric eels (D:7)
  A gnoll bouda (D:8)
  8 orc priests
  A hound (D:5)
  2 sleepcaps
  3 iguanas
  8 orc wizards
  12 gnolls
  10 adders
  A shadow imp (D:6)
  4 white imps
  2 dart slugs
  31 orcs
  3 ball pythons
  A giant cockroach (D:3)
  3 hobgoblins
  21 kobolds
  2 frilled lizards (D:3)
  3 goblins
  2 rats
175 creatures vanquished.

Grand Total: 245 creatures vanquished

Notes
Turn   | Place    | Note
-------+----------+-------------------------------------------
     0 | D:1      | spaghetti the Oni Summoner began the quest for the Orb.
     0 | D:1      | Reached XP level 1. HP: 16/16 MP: 3/3
   286 | D:1      | Reached skill level 4 in Summonings
   286 | D:1      | Reached XP level 2. HP: 14/24 MP: 1/5
   400 | D:1      | Learned a level 2 spell: Call Imp
   707 | D:1      | Reached XP level 3. HP: 30/31 MP: 3/6
   711 | D:1      | Learned a level 3 spell: Call Canine Familiar
  2370 | D:3      | Reached skill level 5 in Summonings
  2370 | D:3      | Reached XP level 4. HP: 25/39 MP: 3/7
  2487 | D:3      | Found a faded altar of an unknown god.
  2679 | D:3      | Found an ornate altar of the Wu Jian Council.
  2816 | D:3      | Gained mutation: Potions are less effective at restoring
                  | your health. [potion of mutation]
  2816 | D:3      | Gained mutation: You are partially covered in iridescent
                  | scales. (AC +2) [potion of mutation]
  2822 | D:3      | Found a stormy altar of Qazlal.
  2822 | D:3      | Noticed a sky beast
  2831 | D:3      | Killed a sky beast
  2832 | D:3      | Reached XP level 5. HP: 23/45 MP: 2/12
  3018 | D:3      | Learned a level 4 spell: Summon Blazeheart Golem
  3112 | D:4      | Found a runed translucent gate.
  3113 | D:4      | Noticed seawaffle's ghost (amateur DgSh)
  3113 | D:4      | Identified the +8 dagger of Suac {heavy, rElec Int-5
                  | Stlth+}
  3113 | D:4      | Identified the +2 ring mail "Fuserum" {Harm Str+5 Stlth+}
  3408 | D:4      | Found a runed translucent gate.
  3408 | D:4      | Found a runed translucent gate.
  3536 | D:4      | Found a staircase to the Ecumenical Temple.
  3602 | Temple   | Entered the Ecumenical Temple
  3714 | D:4      | Found a hazy altar of Hepliaklqana.
  3831 | D:5      | Entered Level 5 of the Dungeon
  3894 | D:5      | Reached skill level 5 in Spellcasting
  3894 | D:5      | Reached skill level 1 in Fire Magic
  3932 | D:5      | Learned a level 4 spell: Summon Lightning Spire
  3955 | D:5      | Noticed a nameless horror
  4102 | D:5      | Reached XP level 6. HP: 43/53 MP: 7/13
  4275 | D:5      | Reached skill level 1 in Air Magic
  4577 | D:5      | Killed a nameless horror
  4700 | D:5      | Reached XP level 7. HP: 59/59 MP: 5/14
  4887 | D:5      | Found an opulent altar of Gozag.
  5043 | D:5      | Found a glowing golden altar of the Shining One.
  5359 | D:5      | Became a worshipper of Gozag Ym Sagoz the Greedy
  5543 | D:5      | Found a bloodstained altar of Trog.
  5627 | D:6      | Noticed a manticore
  5636 | D:6      | Noticed a nameless horror
  5637 | D:6      | Noticed a yak
  5641 | D:6      | Noticed a cyclops
  5645 | D:6      | Killed a nameless horror
  5648 | D:6      | Killed a manticore
  5649 | D:6      | Reached skill level 5 in Air Magic
  5649 | D:6      | Reached XP level 8. HP: 67/67 MP: 0/15
  5653 | D:6      | Killed a yak
  5657 | D:6      | Killed a cyclops
  5658 | D:6      | Reached skill level 6 in Summonings
  5658 | D:6      | Reached skill level 5 in Fire Magic
  5829 | D:6      | Reached skill level 7 in Summonings
  5829 | D:6      | Reached XP level 9. HP: 63/74 MP: 4/16
  5909 | D:6      | Found a shimmering altar of Xom.
  5937 | D:6      | Identified the +9 dagger "Doxaw" {heavy, Will+ Dex+2}
  5984 | D:6      | Found a sparkling altar of Nemelex Xobeh.
  6239 | D:6      | Got the Almanac of the Hapless Entourage
  6407 | D:6      | Found a radiant altar of Vehumet.
  6458 | D:6      | Reached skill level 8 in Summonings
  6494 | D:6      | Found an ancient bone altar of Kikubaaqudgha.
  7487 | D:7      | Found Juefreuwk's Weapon Emporium.
  7808 | D:7      | Reached skill level 9 in Summonings
  8135 | D:8      | Noticed Maurice
  8149 | D:8      | Killed Maurice
  8150 | D:8      | Reached skill level 10 in Summonings
  8375 | D:8      | Reached XP level 10. HP: 81/81 MP: 12/17
  8683 | D:8      | Found a shadowy altar of Dithmenos.
  9118 | D:8      | Found a white marble altar of Elyvilon.
  9340 | D:8      | Found Jeal's Armour Boutique.
  9861 | D:8      | Reached skill level 11 in Summonings
 10104 | D:9      | Identified the +1 robe "Momesm" {Will+ Int+5 Slay+3}
 10179 | D:9      | Found a flagged portal.
 10225 | Bailey   | Entered a bailey
 10631 | Bailey   | Found the +3 crown of Dyrovepreva {rElec Int+2 SInv}
 10727 | Bailey   | Reached skill level 12 in Summonings
 10955 | Bailey   | Found an iron altar of Okawaru.
 11081 | Bailey   | Learned a level 7 spell: Monstrous Menagerie
 11559 | D:9      | Found a staircase to the Orcish Mines.
 11924 | D:10     | Entered Level 10 of the Dungeon
 11984 | D:10     | Reached XP level 11. HP: 76/88 MP: 16/21
 12045 | D:10     | Found a staircase to the Lair.
 12150 | Orc:1    | Entered Level 1 of the Orcish Mines
 12379 | Orc:1    | Noticed a cyclops
 12380 | Orc:1    | Noticed an orc sorcerer
 12385 | Orc:1    | Killed an orc sorcerer
 12386 | Orc:1    | Reached skill level 13 in Summonings
 12387 | Orc:1    | Killed a cyclops
 12667 | Orc:2    | Entered Level 2 of the Orcish Mines
 13218 | Orc:2    | Noticed an orc knight
 13268 | Orc:2    | Noticed an orc sorcerer
 13278 | Orc:2    | Killed an orc sorcerer
 13505 | Orc:2    | Found a staircase to the Elven Halls.
 13523 | Orc:2    | Noticed a nameless horror
 13534 | Orc:2    | HP: 2/88 [nameless horror[miscasting Monstrous Menagerie]
                  | (23)]
 13535 | Orc:2    | Killed a nameless horror
 13536 | Orc:2    | Mangled by an orc warrior

Illustrated notes

Levels and vault maps discovered:
D:1:      dpeg_arrival_prison, layout_loops_ring, item_on_display_a
D:2:      layout_basic
D:3:      layout_rooms, nicolae_qazlal_beasts_of_the_sky, marbit_many_paths,
          hellmonk_ecumenical_altar_arch_garden, serial_park_tiny_1,
          kennysheep_generic_room_9
D:4:      layout_basic, nicolae_hepliaklqana_hazy_memory,
          minmay_temple_entry_offerings, biasface_ghost_orc_armoury
D:5:      layout_rooms, tso_metal_star, mainiacjoe_overflow_brackets,
          mainiacjoe_overflow_concentric_impassable, minmay_misc_feat_pillars,
          nicolae_half_adder
D:6:      minmay_cornered_nines, layout_basic, kennysheep_little_box,
          nemelex_altar_shiori, mainiacjoe_overflow_cross_hatched,
          kennysheep_mini, minmay_misc_feat_doors
D:7:      layout_loops_ring, serial_shops, nicolae_shop_bloodbath_and_beyond,
          serial_bayou, serial_bayou_lagoon_b, serial_bayou_shore_a,
          serial_bayou_shore_b, serial_bayou_pond_b, serial_bayou_lake_a,
          serial_bayou_pond_c
D:8:      layout_layer_cave, mainiacjoe_overflow_paths,
          mainiacjoe_overflow_alcove_1, serial_shops,
          nicolae_shop_window_shopping, uniq_maurice
D:9:      layout_cave_pods, orc_0_dummy, enter_bailey_4, serial_ice,
          serial_ice_e, serial_ice_d, serial_ice_f, serial_ice_m
D:10:     layout_roguey, erik_lair_orcish_takeover
Temple:   hellmonk_temple_rainy
Orc:1:    layout_caves, mines4_lemuel, uniq_urug
Orc:2:    grunt_orc_tribal_feast, layout_diamond_mine, serial_shops, shop

Skill      XL: |  1  2  3  4  5  6  7  8  9 10 11 |
---------------+----------------------------------+-----
Summonings     | 4 5 7 10 12 13 | 13.6
Spellcasting   | 4 5 6 7 |  7.0
Fire Magic     | 1 2 3 5 |  5.0
Air Magic      | 3 5 |  5.0
Dodging        | |  1.7
Stealth        | |  1.4

Action                     |  1- 3 |  4- 6 |  7- 9 | 10-12 || total
---------------------------+-------+-------+-------+-------++-------
  Melee: Unarmed           |    39 |       |       |       ||    39
         Headbutt          |    26 |    10 |    14 |    17 ||    67
         Short sword       |   123 |    50 |       |       ||   173
         Punch             |     1 |       |     2 |     1 ||     4
         Flail             |       |    24 |       |       ||    24
         Whip              |       |     4 |    78 |    52 ||   134
  Throw: Throwing net      |       |       |       |     2 ||     2
   Cast: Summon Small Mamm |    11 |     2 |       |       ||    13
         Call Imp          |    23 |    21 |    13 |     9 ||    66
         Call Canine Famil |     3 |    18 |    13 |     8 ||    42
         Summon Lightning  |       |     5 |    31 |    56 ||    92
         Summon Blazeheart |       |     1 |       |     1 ||     2
         Monstrous Menager |       |       |       |    12 ||    12
 Invoke: Potion Petition   |       |       |       |     1 ||     1
  Evoke: Wand              |       |       |     1 |     1 ||     2
    Use: Scroll            |     3 |     8 |     4 |     2 ||    17
         Potion            |       |     2 |     5 |     1 ||     8
   Stab: Distracted        |     2 |     1 |     3 |     1 ||     7
         Sleeping          |     1 |     1 |       |       ||     2
 Armour: Robe              |   107 |    63 |    70 |    97 ||   337
  Dodge: Dodged            |    74 |    33 |    36 |    45 ||   188
